 Dungeon Crawl Stone Soup version 0.23-a0-373-g305c090 (webtiles) character file.

60 GizzardofKazz the Stinger (level 4, 30/30 HPs)
             Began as a Formicid Venom Mage on Oct 25, 2018.
             Quit the game on level 3 of the Dungeon on Oct 26, 2018.
             The game lasted 00:10:32 (1856 turns).

GizzardofKazz the Stinger (Formicid Venom Mage)     Turns: 1856, Time: 00:10:34

Health: 30/30      AC:  5    Str: 14    XL:     4   Next: 25%
Magic:  8/8        EV: 12    Int: 14    God:
Gold:   68         SH:  0    Dex: 15    Spells: 5/8 levels left

rFire    . . .     SeeInvis +   p - +2 hand axe (elec)
rCold    . . .     Gourm    .   (no shield)
rNeg     . . .     Faith    .   g - +0 robe (curse)
rPois    .         Spirit   .   (helmet unavailable)
rElec    .         Reflect  .   (no cloak)
rCorr    .         Harm     .   (no gloves)
MR       .....                  (no boots)
Stlth    ++........             (no amulet)
HPRegen  0.10/turn              e - +4 ring of dexterity
MPRegen  0.11/turn              f - +3 ring of protection

@: no status effects
A: permanent stasis, dig shafts and tunnels, four strong arms, antennae 3
a: Dig, Shaft Self


You were on level 3 of the Dungeon.
You were hungry.

You visited 1 branch of the dungeon, and saw 3 of its levels.

You collected 68 gold pieces.

Inventory:

Hand Weapons
 h - a +0 short sword
 o - a +0 hand axe
 p - a +2 hand axe of electrocution (weapon)
Armour
 g - a cursed +0 robe (worn)
Jewellery
 e - a +4 ring of dexterity (left hand)
 f - a +3 ring of protection (right hand)
Scrolls
 b - 3 scrolls of identify {unknown}
 d - a scroll of fear {unknown}
 j - 6 scrolls of teleportation {unknown}
 k - a scroll of amnesia {unknown}
 m - a scroll of enchant weapon {unknown}
 n - 3 scrolls of noise {unknown}
Potions
 i - a potion of ambrosia {unknown}
 l - a potion of curing {unknown}
Comestibles
 a - 5 chunks of flesh
 c - 4 rations


   Skills:
 + Level 0.5 Short Blades
 - Level 1.7 Dodging
 - Level 2.4 Stealth
 + Level 2.8 Spellcasting
 + Level 1.6 Conjurations
 + Level 0.4 Air Magic
 + Level 5.2 Poison Magic


You had 5 spell levels left.
You knew the following spells:

 Your Spells              Type           Power        Failure   Level  Hunger
a - Sting                 Conj/Pois      ##..         5%          1    #......
b - Poisonous Vapours     Pois/Air       #.....       11%         2    ###....

Your spell library contained the following spells:

 Spells                   Type           Power        Failure   Level  Hunger
 Mephitic Cloud           Conj/Pois/Air  #.......     24%         3    ###....
 Olgreb's Toxic Radiance  Pois           ###.....     26%         4    #####..
 Venom Bolt               Conj/Pois      ##........   83%         5    ######.


Dungeon Overview and Level Annotations

Branches:
Dungeon (3/15)

Altars:


Innate Abilities, Weirdness & Mutations

You cannot be hasted, slowed, berserked, paralysed or teleported.
You can dig through walls and to a lower floor.
Your four strong arms can wield two-handed weapons with a shield.
You have a pair of large antennae on your head. (SInv)


Message History

Found a robe.
There is an open door here.
The frilled lizard barely misses you.
You see here a glowing hand axe.
p - a glowing hand axe The frilled lizard bites you but does no damage.
Wear which item? (? for menu, Esc to quit)
Okay, then.
Wield which item (- for none, * to show all)? (? for menu, Esc to quit)
You hear the crackle of electricity.
p - a +2 hand axe of electrocution (weapon)
You open the door. The frilled lizard misses you.
Found 10 bolts.
There is an open door here.
You see here 10 bolts.
The frilled lizard barely misses you.
Are you sure you want to abandon this character and quit the game? (Confirm
Okay, then.
Unknown command.
Are you sure you want to abandon this character and quit the game? (Confirm

............'.....
###.........####..
#.....[..## ##. ##
#.#.....## ## .
#.##...## #. #.###+##
##.###.###.#
##.#.......##.###
.......@l..##.#.##
##.#.#...........#
#.###.......## ...
#.#..###.###### #...
...##.# #.......
##########.###.######
##...## #####


You could see a frilled lizard.

Vanquished Creatures
  A gnoll (D:1)
  2 worms (D:2)
  2 leopard geckos (D:1)
  A bat (D:1)
  3 giant cockroaches (D:1)
  8 goblins
  9 hobgoblins
  6 kobolds (D:1)
  A quokka (D:2)
  2 frilled lizards
  5 rats (D:1)
40 creatures vanquished.

Notes
Turn   | Place    | Note
-------+----------+-------------------------------------------
     0 | D:1      | GizzardofKazz the Formicid Venom Mage began the quest for
                  | the Orb.
     0 | D:1      | Reached XP level 1. HP: 13/13 MP: 3/3
   163 | D:1      | Reached XP level 2. HP: 19/19 MP: 0/5
   441 | D:1      | Learned a level 2 spell: Poisonous Vapours
   507 | D:1      | Reached skill level 1 in Conjurations
   793 | D:1      | Reached XP level 3. HP: 24/24 MP: 2/6
   978 | D:1      | Reached skill level 5 in Poison Magic
  1380 | D:2      | Reached XP level 4. HP: 30/30 MP: 5/8
  1856 | D:3      | Quit the game

Vault maps used:
D:1:      dpeg_arrival_pits, serial_forest, infiniplex_forest_corner_1,
          infiniplex_forest_lined_4_way, infiniplex_forest_diagonal,
          infiniplex_forest_corner_1, infiniplex_forest_zigzag_2,
          dk_noncrumbling_4
D:2:      first_ration, nrook_uturn

Skill      XL: |  1  2  3 |
---------------+----------+-----
Conjurations   | 1 |  1.6
Poison Magic   | 5 |  5.2
Short Blades   | |  0.5
Dodging        | |  1.7
Stealth        | |  2.4
Spellcasting   | |  2.8
Air Magic      | |  0.4

Action                   |  1- 3 |  4- 6 || total
-------------------------+-------+-------++-------
Melee: Short sword       |    27 |     3 ||    30
       Unarmed           |     5 |       ||     5
 Cast: Sting             |    52 |     6 ||    58
       Poisonous Vapours |     9 |     6 ||    15
  Eat: Chunk             |     3 |     1 ||     4
Armor: Robe              |    17 |     5 ||    22
Dodge: Dodged            |    44 |    15 ||    59

Table legend:
 A = Non-vault XP
 B = Vault XP
 C = Vault XP percentage of total XP
 D = Non-vault monster count
 E = Vault monster count
 F = Vault count percentage of total count
                 A         B        C        D         E       F
            +---------+---------+-------+---------+---------+-------
      Total |      87 |       0 |   0.0 |      40 |       0 |   0.0
            +---------+---------+-------+---------+---------+-------
        D:1 |      68 |       0 |   0.0 |      33 |       0 |   0.0
        D:2 |      19 |       0 |   0.0 |       7 |       0 |   0.0
            +---------+---------+-------+---------+---------+-------
